AoeStats
← Rearte7

Arabia

510531753Analyzed
1v1 RM · 1d ago on Oct 1, 2026· 39m 44s· 2 players
Game mode
Random Map
Map size
Tiny (2 player)
Population
200
Speed
Normal
Resources
Standard
Victory
Conquest
Starting age
Dark Age
Ending age
Imperial Age
RankedLock teamsTeams togetherTeam positionsShared explorationLock speedFull tech treeHidden civsTurbo modeCheats
Victory
Defeat
🇫🇷 Persians · France
852
+16
🇧🇷 Malay · Brazil
843
-16
Rearte7
10:07 Feudal Age
8:28 Loom
10:14 Feudal Age
13:22 Town Watch
13:26 Double-Bit Axe
13:24 Horse Collar
22:51 Castle Age
21:25 Scale Barding Armor
21:57 Fletching
23:17 Bodkin Arrow
23:29 Husbandry
24:38 Wheelbarrow
24:19 Bow Saw
25:29 Thumb Ring
32:49 Murder Holes
33:51 Ballistics
34:06 Heavy Plow
36:59 Pikeman
37:39 Squires
41:33 Imperial Age
Insondable Boeuf
10:04 Loom
11:50 Feudal Age
17:09 Castle Age
15:21 Double-Bit Axe
15:38 Horse Collar
17:19 Stone Mining
18:36 Scale Barding Armor
21:38 Chain Barding Armor
21:30 Forging
22:37 Wheelbarrow
22:51 Gold Mining
25:32 Husbandry
27:10 Bloodlines
27:59 Gold Shaft Mining
27:42 Bow Saw
34:47 Stone Shaft Mining
34:44 Hand Cart
36:20 Fletching
37:07 Iron Casting
40:49 Imperial Age
38:57 Bodkin Arrow
Connection lost

Rejoining the realm…

Still unreachable

The connection could not be restored.

Session expired

The server has moved on; the page needs a fresh start.